 Dungeon Crawl Stone Soup version 0.28.0 (webtiles) character file.

Game seed: 15586741413072853305

106 Gabide the Insei (level 4, -2/24 HPs)
             Began as a Vine Stalker Monk on Feb 17, 2022.
             Killed by divine providence
             ... invoked by an orc priest
              (14 damage)
             ... on level 5 of the Dungeon.
             The game lasted 00:03:32 (2815 turns).

Gabide the Insei (Vine Stalker Monk)                Turns: 2815, Time: 00:03:33

Health: -2/24      AC:  4    Str: 13    XL:     4   Next: 84%
Magic:  0/5        EV: 13    Int: 10    God:
Gold:   93         SH:  0    Dex: 19    Spells: 3/3 levels left

rFire   + . .      SeeInvis .     - Unarmed
rCold   . . .      Faith    .   (no shield)
rNeg    . . .      Spirit   +   a - +0 robe
rPois   .          Reflect  .   (no helmet)
rElec   .          Harm     .   (no cloak)
rCorr   +          Rampage  .   g - +0 pair of gloves
Will    .....                   d - +0 pair of boots
Stlth   +++.......              (no amulet)
HPRegen 0.88/turn               e - ring of protection from fire
MPRegen 0.09/turn               j - ring of resist corrosion

@: no status effects
A: fangs 2, regeneration 1, magic shield, antimagic bite, no potion heal 2
a: no special abilities


You were on level 5 of the Dungeon.
You visited 1 branch of the dungeon, and saw 4 of its levels.

You collected 93 gold pieces.

Inventory:

Armour
 a - a +0 robe (worn)
 d - a +0 pair of boots (worn)
 g - a +0 pair of gloves (worn)
Jewellery
 e - a ring of protection from fire (left hand)
 j - a ring of resist corrosion (right hand)
Potions
 b - a potion of brilliance
 c - a potion of mutation {unknown}
 l - a potion of haste {unknown}


   Skills:
 + Level 3.1 Fighting
 + Level 3.0 Dodging
 + Level 3.5 Stealth
 + Level 4.1 Unarmed Combat


You had 3 spell levels left.
You didn't know any spells.
Your spell library contained the following spells:

 Spells                   Type           Power      Damage    Failure   Level
 Malign Gateway           Summ/Tloc      0%         N/A       100%        7
 Summon Horrible Things   Summ           0%         N/A       100%        8


Dungeon Overview and Level Annotations

Branches:
Dungeon (3/15)

Altars:


Innate Abilities, Weirdness & Mutations

You have extremely sharp teeth.
Your natural rate of healing is unusually fast.
When hurt, damage is shared between your health and your magic reserves.
Your bite disrupts and absorbs the magic of your enemies.
Potions cannot restore your health.


Message History

No target in view!
No target in view!
No target in view!
There is a stone staircase leading up, spattered with blood here.
You start resting.
Magic restored.
Things that are here:
a +0 club; an orc corpse
Found a stone staircase leading down.
A sourceless malevolence fills the Dungeon...
You fall into a shaft and drop 2 floors!
The shaft crumbles and collapses.
A quokka and a scorpion come into view.
Found a chain mail.
Found an escape hatch in the floor.
As you read the scroll labelled SET WEYTASUBBY, it crumbles to dust.
The scroll dissolves into smoke.
It was a scroll of fog.
Blink to where?
Press: ? - help, Dir - move target A water moccasin skeleton, an orc priest, an orc wizard and 3 orcs come into view.
Found a short glowing staff.
As you read the scroll labelled UHONLU XU KUSM, it crumbles to dust.
It was a scroll of blinking.
The orc shouts! x2; The orc wizard shouts!
The orc shouts!
The orc priest shouts!
The orc hits you but does no damage. The orc hits you with a +0 hand axe.
Found 16 gold pieces.
An ufetubus comes into view.
Found 20 stones.
Found a mace.
You see here 16 gold pieces.
A howler monkey comes into view.
Found a stone staircase leading up.
The orc priest calls down the wrath of Beogh upon you.
Beogh smites you!
Ouch! That really hurt!
Found 13 gold pieces.
The orc priest calls down the wrath of Beogh upon you.
Beogh smites you!
Ouch! That really hurt!
You die...

#..........
#.<.........#.....5....
#........(.............
#......................
##...........#####......
#..............###...###
...................#.#
........o....s..##.#.###
...h...@o.o.o..$....Z...
...........o.......##.##
.$..............#..# .#
................##..#.#
...............####....
...............# ###.
#.....##.).....# ##
###### #########


You could see a scorpion, a howler monkey (asleep), an orc priest, an orc wizard
and 3 orcs.

Vanquished Creatures
  An orc wizard (D:2)
  3 adders (D:2)
  A worm (D:2)
  3 dart slugs
  An orc (D:3)
  2 ball pythons
  5 endoplasms
  5 goblins
  2 hobgoblins
  4 jackals (D:1)
  3 quokkas
  3 bats
  4 frilled lizards
  3 kobolds (D:1)
  3 rats
43 creatures vanquished.

Vanquished Creatures (others)
  5 toadstools (D:1)
5 creatures vanquished.

Grand Total: 48 creatures vanquished

Notes
Turn   | Place    | Note
-------+----------+-------------------------------------------
     0 | D:1      | Gabide the Vine Stalker Monk began the quest for the Orb.
     0 | D:1      | Reached XP level 1. HP: 11/11 MP: 2/2
   203 | D:1      | Reached XP level 2. HP: 13/16 MP: 3/3
   641 | D:1      | Found a faded altar of an unknown god.
   908 | D:1      | Reached XP level 3. HP: 11/19 MP: 4/4
  1922 | D:2      | Gained mutation: Your natural rate of healing is unusually
                  | fast. [Vine Stalker growth]
  1922 | D:2      | Reached XP level 4. HP: 6/24 MP: 3/5
  2477 | D:3      | Noticed an orc warrior
  2642 | D:2      | Reached skill level 4 in Unarmed Combat
  2791 | D:3      | You fall into a shaft and drop 2 floors!
  2791 | D:5      | Entered Level 5 of the Dungeon
  2791 | D:5      | Noticed a scorpion
  2815 | D:5      | Killed from afar by an orc priest

Illustrated notes

Levels and vault maps discovered:
D:1:      ldierk_walled_garden, layout_rooms,
          shapermc_ecumenical_altar_mp_urbaneastern
D:2:      layout_loops_cross, grunt_ministairs_9
D:3:      layout_basic, mainiacjoe_overflow_catch_the_wave,
          ebering_ghost_inner_flame
D:5:      layout_rooms

Skill      XL: |  1  2  3  4 |
---------------+-------------+-----
Fighting       | 3 |  3.1
Stealth        | 3 |  3.5
Dodging        | 3 |  3.0
Unarmed Combat | 4 |  4.1

Action                   |  1- 3 |  4- 6 || total
-------------------------+-------+-------++-------
Melee: Unarmed           |   102 |    39 ||   141
       Bite              |    28 |     8 ||    36
       Punch             |     4 |     4 ||     8
  Use: Scroll            |       |     4 ||     4
 Stab: Sleeping          |     6 |     4 ||    10
Armor: Robe              |    27 |     5 ||    32
Dodge: Dodged            |    66 |    22 ||    88
